 Dungeon Crawl Stone Soup version 0.29-a0-338-g1ff7896281 (webtiles) character file.

Game seed: 10887668554762960325

44 brightshaft the Shooter (level 3, -4/30 HPs)
             Began as a Minotaur Hunter on Apr 17, 2022.
             Splashed by a jelly's acid (7 damage)
             ... on level 2 of the Dungeon.
             The game lasted 00:02:39 (1380 turns).

brightshaft the Shooter (Minotaur Hunter)           Turns: 1380, Time: 00:02:40

Health: -4/30      AC: -1    Str: 15    XL:     3   Next: 41%
Magic:  2/2        EV: 12    Int:  6    God:
Gold:   74         SH:  0    Dex: 15    Spells: 2/2 levels left

rFire   . . .      SeeInvis +   a - +1 shortbow
rCold   . . .      Faith    .   (shield currently unavailable)
rNeg    . . .      Spirit   .   b - +0 leather armour
rPois   .          Reflect  .   (helmet restricted)
rElec   .          Harm     .   (no cloak)
rCorr   .          Rampage  .   (no gloves)
Will    .....                   (no boots)
Stlth   +.........              (no amulet)
HPRegen 0.10/turn               m - ring of see invisible
MPRegen 0.08/turn               (no ring)

@: corroded
A: horns 2, retaliatory headbutt
a: no special abilities


You were on level 2 of the Dungeon.
You visited 1 branch of the dungeon, and saw 2 of its levels.

You collected 74 gold pieces.

Inventory:

Hand Weapons
 a - a +1 shortbow (weapon)
Armour
 b - a +0 leather armour (worn)
 h - a +0 ring mail
Jewellery
 m - a ring of see invisible (left hand)
Scrolls
 c - a scroll of immolation
 d - 2 scrolls of torment {unknown}
 f - a scroll of vulnerability {unknown}
 i - 2 scrolls of silence {unknown}
 j - 5 scrolls of identify {unknown}
 k - 2 scrolls of blinking {unknown}
Potions
 e - a potion of attraction {unknown}
 g - a potion of heal wounds {unknown}
 l - a potion of magic {unknown}


   Skills:
 - Level 2.4 Fighting
 + Level 5.8 Bows
 - Level 2.1 Dodging
 - Level 0.7 Stealth


You had 2 spell levels left.
You didn't know any spells.
Your spell library contained the following spells:

 Spells                   Type           Power      Damage    Failure   Level
 Frozen Ramparts          Ice            0%         1d2       88%         3
 Ice Form                 Ice/Tmut       0%         N/A       99%         4
 Summon Ice Beast         Ice/Summ       0%         N/A       99%         4


Dungeon Overview and Level Annotations

Branches:
Dungeon (2/15)

Altars:


Innate Abilities, Weirdness & Mutations

You have a pair of horns on your head.
You reflexively headbutt those who attack you in melee.


Message History

An endoplasm comes into view.
You shoot an arrow. The arrow hits the endoplasm.
The endoplasm is almost dead.
The endoplasm freezes you.
You are frozen.
You shoot an arrow. The arrow barely misses the endoplasm.
The endoplasm freezes you.
You are frozen.
You shoot an arrow. The arrow hits the endoplasm!
You kill the endoplasm!
A jelly comes into view.
An endoplasm comes into view.
The jelly hits you but does no damage.
You shoot an arrow. The arrow hits the jelly!
The jelly is heavily wounded.
An endoplasm comes into view.
The jelly misses you.
An endoplasm comes into view.
You shoot an arrow. The arrow barely misses the jelly.
The jelly misses you.
You shoot an arrow. The arrow barely misses the jelly.
The arrow hits the endoplasm but does no damage.
The jelly barely misses you. The jelly hits you. The acid corrodes you!
You are splashed with acid!
A jelly comes into view.
You are too injured to fight recklessly!
The jelly moves out of view.
The jelly attacks as you move away! The jelly barely misses you.
You furiously retaliate!
You headbutt the jelly.
You see here a +0 dagger.
The jelly attacks as you move away! The jelly hits you.
You are splashed with acid!
* * * LOW HITPOINT WARNING * * *
Shoot: a) +1 shortbow
Press: ? - help, Q - select action Shift-Dir - straight line, f/p - jelly
Aim: a jelly (severely wounded, 90% to hit)
You shoot an arrow. The arrow hits the jelly.
The jelly is severely wounded.
The jelly hits you.
* * * LOW HITPOINT WARNING * * *
You are splashed with acid!
You die...

....#
##.....###.......).....
.#..#
#.......##.##.#####.###
##..#
#.......##.##.#####.#
..#
#[......##))........#
#####
#.......##.)#.#####.# #
..# #.[..######.#.#
#.### ..#
#....'..###)#.# #...#
..# ########.##)#.#
###.# ..#
#JJJJ@.###.#.# #..(#
..# #J#######
#.#.#####.### ### #.J
#......##.... #.J
#.#.##.##.... #.P
#..[##.##..#. #.P
#.#.##....... #..
#.#.#####.... #.P #.#.#
####. #.#.# #..


You could see 2 jellies and 3 endoplasms.

Vanquished Creatures
  2 dart slugs (D:1)
  6 ball pythons
  3 endoplasms
  3 giant cockroaches
  5 goblins
  A hobgoblin (D:1)
  2 quokkas (D:1)
  4 bats (D:1)
  4 frilled lizards
  8 kobolds
38 creatures vanquished.

Vanquished Creatures (others)
  A plant (D:1)
  7 toadstools (D:2)
8 creatures vanquished.

Grand Total: 46 creatures vanquished

Notes
Turn   | Place    | Note
-------+----------+-------------------------------------------
     0 | D:1      | brightshaft the Minotaur Hunter began the quest for the
                  | Orb.
     0 | D:1      | Reached XP level 1. HP: 18/18 MP: 0/0
   140 | D:1      | Found a faded altar of an unknown god.
   152 | D:1      | Reached XP level 2. HP: 20/25 MP: 1/1
   250 | D:1      | Reached skill level 5 in Bows
   695 | D:1      | Reached XP level 3. HP: 27/30 MP: 2/2
  1380 | D:2      | Splashed by a jelly's acid

Illustrated notes

Levels and vault maps discovered:
D:1:      dpeg_cavernosity, layout_basic,
          shapermc_ecumenical_altar_mp_urbaneastern, solitary_fountain,
          corexii_leaking_fountain
D:2:      cheibrodos_fertilizer, layout_basic, chequers_serial_rivers_room_a

Skill      XL: |  1  2 |
---------------+-------+-----
Bows           | 5 |  5.8
Fighting       | |  2.4
Dodging        | |  2.1
Stealth        | |  0.7

Action                   || total
-------------------------++-------
 Fire: Shortbow          ||    87
Armor: Leather armour    ||     5
Dodge: Dodged            ||    24

Table legend: (Time is in decaauts)
 A = Elapsed time spent in this place.
 B = Non-inter-level travel time spent in this place.
 C = Inter-level travel time spent in this place.
 D = Time resting spent in this place.
 E = Time spent auto-exploring this place.
 F = Levels seen in this place.
 G = Mean time per level.
                   A        B        C        D        E       F      G
               +--------+--------+--------+--------+--------+-----+--------+
         Total |   1403 |   1357 |     46 |      0 |   1132 |   2 |  701.5 |
       Dungeon |   1403 |   1357 |     46 |      0 |   1132 |   2 |  701.5 |
               +--------+--------+--------+--------+--------+-----+--------+

Top non-repeatable levels by time:
     D:1: 930 daAuts
     D:2: 472 daAuts
